[Event "Tournoi de rentrée UST"]
[Site "Equeurdreville"]
[Date "2012.09.30"]
[Round "4"]
[White "Althoffer, Cyrille"]
[Black "Vanneste, Axel"]
[Result "1-0"]
[ECO "C42"]
[WhiteElo "1923"]
[BlackElo "1199"]
[PlyCount "43"]
[EventDate "2012.09.29"]
[EventRounds "5"]
[EventCountry "FRA"]
[SourceDate "2005.09.12"]
[TimeControl "240+2"]

{460MB} 1. e4 e5 2. Nf3 Nf6 3. Nxe5 d6 4. Nf3 Nxe4 5. d4 d5 6. Bd3 Bf5 7. O-O
Bb4 8. a3 Bd6 9. Re1 O-O 10. c4 c6 11. cxd5 cxd5 12. Qb3 Qe7 13. Qxd5 g6 14.
Bxe4 Bxe4 15. Qxe4 Qxe4 16. Rxe4 Nc6 17. Nc3 Rae8 18. Bh6 Rxe4 19. Nxe4 Rd8 20.
Nfg5 Bf4 21. Nf6+ Kh8 22. Nxf7# 1-0

[Event "Tournoi de rentrée UST"]
[Site "Equeurdreville"]
[Date "2012.09.30"]
[Round "4"]
[White "Masson, Titouan"]
[Black "Masson, Margot"]
[Result "1/2-1/2"]
[ECO "C64"]
[WhiteElo "1190"]
[BlackElo "1300"]
[PlyCount "43"]
[EventDate "2012.09.29"]
[EventRounds "5"]
[EventCountry "FRA"]
[SourceDate "2005.09.12"]
[TimeControl "240+2"]

{460MB} 1. e4 e5 2. Nf3 Nc6 3. Bb5 Bc5 4. Bxc6 dxc6 5. c3 h6 6. Nxe5 Qe7 7. Nf3
Qxe4+ 8. Qe2 Qxe2+ 9. Kxe2 Bg4 10. Re1 O-O-O 11. Kf1 Nf6 12. Ne5 Bh5 13. d4 Bd6
14. Nd2 Rhe8 15. Ndc4 Bxe5 16. Nxe5 Nd7 17. Bf4 f6 18. Nxd7 Rxe1+ 19. Rxe1 Kxd7
20. f3 Bf7 21. b3 g5 22. Bd2 1/2-1/2

[Event "Tournoi de rentrée UST"]
[Site "Equeurdreville"]
[Date "2012.09.30"]
[Round "4"]
[White "Bavinckhove, Silaeis"]
[Black "Laronche, Antoine"]
[Result "1-0"]
[ECO "B06"]
[WhiteElo "1020"]
[BlackElo "1199"]
[PlyCount "59"]
[EventDate "2012.09.29"]
[EventRounds "5"]
[EventCountry "FRA"]
[SourceDate "2005.09.12"]
[TimeControl "240+2"]

{460MB, Rybka3Gen.ctg} 1. e4 g6 2. d4 Bg7 3. Be2 Nf6 4. Bg4 Nxg4 5. Qxg4 h5 6.
Qg5 f6 7. Qd5 a5 8. Nf3 Ra6 9. Qc4 b5 10. Qb3 Bb7 11. e5 fxe5 12. Nxe5 Rh6 13.
Bxh6 Bxh6 14. Nxg6 Rxg6 15. Nc3 b4 16. Nb5 Nc6 17. Qd3 Nxd4 18. Qxg6+ Kf8 19.
Qxh6+ Kf7 20. Qxh5+ Ke6 21. Qg4+ Kf6 22. Qf4+ Kg6 23. Qxd4 Bxg2 24. Rg1 Qa8 25.
Nxc7 Qc8 26. Nd5 e5 27. Qxe5 Qb7 28. Rxg2+ Kh6 29. Qe4 b3 30. Qh4# 1-0

[Event "Tournoi de rentrée UST"]
[Site "Equeurdreville"]
[Date "2012.09.30"]
[Round "4"]
[White "Hereus, Daniel"]
[Black "Castel, Tanguy"]
[Result "1-0"]
[ECO "C34"]
[WhiteElo "1610"]
[BlackElo "1010"]
[PlyCount "41"]
[EventDate "2012.09.29"]
[EventRounds "5"]
[EventCountry "FRA"]
[SourceDate "2005.09.12"]
[TimeControl "240+2"]

{460MB, Rybka3Gen.ctg} 1. e4 e5 2. f4 exf4 3. Nf3 Bc5 4. d4 Bb4+ 5. c3 Be7 6.
Bxf4 Bh4+ 7. Nxh4 Qxh4+ 8. g3 Qf6 9. e5 Qg6 10. Bd3 Qb6 11. b3 d5 12. exd6 cxd6
13. Qe2+ Ne7 14. Nd2 O-O 15. Nc4 Qc6 16. Kd2 Bd7 17. Bxd6 Nd5 18. Bxf8 Qc8 19.
Bxg7 Bg4 20. Qe4 Qc6 21. Qxh7# 1-0

[Event "Tournoi de rentrée UST"]
[Site "Equeurdreville"]
[Date "2012.09.30"]
[Round "4"]
[White "Leplongeon, Mathilde"]
[Black "Bavinckhove, Myrial"]
[Result "0-1"]
[ECO "A07"]
[WhiteElo "1180"]
[BlackElo "1475"]
[PlyCount "56"]
[EventDate "2012.09.29"]
[EventRounds "5"]
[EventCountry "FRA"]
[SourceDate "2005.09.12"]
[TimeControl "240+2"]

{460MB, Rybka3Gen.ctg} 1. Nf3 d5 2. g3 Nc6 3. Bg2 e5 4. d3 Bf5 5. Nbd2 Nf6 6.
O-O Bd6 7. e3 Qd7 8. Re1 O-O 9. Re2 e4 10. Ng5 Rae8 11. f3 exd3 12. cxd3 h6 13.
Nge4 dxe4 14. dxe4 Bh7 15. b3 Be5 16. Rb1 Nb4 17. Nc4 Qxd1+ 18. Bf1 Nh5 19. g4
Bxh2+ 20. Kf2 Ng3 21. Re1 Nd3+ 22. Bxd3 Qxd3 23. Nd2 Qc2 24. Rb2 Qc6 25. Kg2
Qd6 26. Kxh2 Nxe4+ 27. Kg1 Qg3+ 28. Kf1 Qf2# 0-1

[Event "Tournoi de rentrée UST"]
[Site "Equeurdreville"]
[Date "2012.09.30"]
[Round "4"]
[White "Doris, Nicolas"]
[Black "Castel, Nathan"]
[Result "1-0"]
[ECO "A40"]
[WhiteElo "1790"]
[BlackElo "1160"]
[PlyCount "69"]
[EventDate "2012.09.29"]
[EventRounds "5"]
[EventCountry "FRA"]
[SourceDate "2005.09.12"]
[TimeControl "240+2"]

{460MB, Rybka3Gen.ctg} 1. d4 e5 2. dxe5 Qe7 3. Nf3 Nc6 4. b3 Qd8 5. Bb2 Bc5 6.
e3 Bb4+ 7. Nbd2 Nh6 8. e6 dxe6 9. Bxg7 Rg8 10. Bxh6 e5 11. e4 Bxd2+ 12. Qxd2
Ke7 13. Rd1 Bg4 14. Qxd8+ Rgxd8 15. Rxd8 Rxd8 16. c3 Bxf3 17. gxf3 Kf6 18. h4
Kg6 19. Be3 Kh5 20. Be2 Na5 21. f4+ Kg6 22. f5+ Kg7 23. Rg1+ Kf8 24. f6 Nxb3
25. axb3 Rd6 26. Bc5 Ke8 27. Bxd6 cxd6 28. Rg8+ Kd7 29. Bg4+ Kc7 30. Rg7 a6 31.
Rxf7+ Kb8 32. Rxh7 b5 33. Re7 a5 34. f7 a4 35. f8=Q# 1-0

[Event "Tournoi de rentrée UST"]
[Site "Equeurdreville"]
[Date "2012.09.30"]
[Round "4"]
[White "Bavinckhove, Zoltan"]
[Black "Raynaud, Christophe"]
[Result "1/2-1/2"]
[ECO "B30"]
[WhiteElo "1430"]
[BlackElo "1839"]
[PlyCount "80"]
[EventDate "2012.09.29"]
[EventRounds "5"]
[EventCountry "FRA"]
[SourceDate "2005.09.12"]
[TimeControl "240+2"]

{460MB, Rybka3Gen.ctg} 1. e4 c5 2. Nf3 e6 3. Nc3 Nc6 4. Bb5 a6 5. Bxc6 bxc6 6.
O-O d5 7. e5 Ne7 8. d3 Ng6 9. Na4 Be7 10. c4 O-O 11. b3 Qc7 12. Ba3 Nxe5 13.
Nxe5 Qxe5 14. Bxc5 Bxc5 15. Nxc5 d4 16. b4 Qc7 17. a3 e5 18. Qf3 Bd7 19. Rfe1
Rfe8 20. Re4 f6 21. Rh4 a5 22. Rb1 axb4 23. axb4 Ra2 24. Qe4 f5 25. Qf3 Rea8
26. h3 Bc8 27. Qh5 g6 28. Qg5 Re2 29. Rf1 Raa2 30. Qf6 Rab2 31. Ne6 Bxe6 32.
Qxe6+ Kg7 33. b5 cxb5 34. c5 Rec2 35. g4 fxg4 36. Rxg4 Rxc5 37. Rg3 Rbc2 38.
Rf3 Rc1 39. Qf6+ Kh6 40. Qh4+ Kg7 1/2-1/2

[Event "Tournoi de rentrée UST"]
[Site "Equeurdreville"]
[Date "2012.09.30"]
[Round "4"]
[White "Benard, Anne Laurie"]
[Black "Rosi, Andrea"]
[Result "1-0"]
[ECO "C00"]
[WhiteElo "1890"]
[BlackElo "1515"]
[PlyCount "79"]
[EventDate "2012.09.29"]
[EventRounds "5"]
[EventCountry "FRA"]
[SourceDate "2005.09.12"]
[TimeControl "240+2"]

{460MB, Rybka3Gen.ctg} 1. e4 e6 2. d3 c6 3. Nf3 Nf6 4. g3 d6 5. Bg2 e5 6. O-O
Bg4 7. h3 Bxf3 8. Bxf3 Be7 9. Qe2 Qb6 10. Nd2 Nbd7 11. Nc4 Qc7 12. Ne3 g6 13.
c3 h6 14. d4 h5 15. Ng2 O-O-O 16. Qc4 d5 17. exd5 cxd5 18. Bxd5 Qxc4 19. Bxc4
exd4 20. cxd4 Rhf8 21. Bf4 Nb6 22. Bb5 Bd6 23. Rac1+ Kb8 24. Bg5 Be7 25. Rfe1
Bb4 26. Bxf6 Bxe1 27. Bxd8 Rxd8 28. Rxe1 a6 29. Re8 Kc8 30. Rxd8+ Kxd8 31. Bd3
Nd5 32. a3 Kc7 33. Ne3 Kd6 34. Bc4 Nxe3 35. fxe3 f5 36. Bf7 Ke7 37. Bxg6 Kf6
38. Bxf5 Kxf5 39. d5 Ke5 40. e4 1-0

[Event "Tournoi de rentrée UST"]
[Site "Equeurdreville"]
[Date "2012.09.30"]
[Round "4"]
[White "Lemonnier, Pascal"]
[Black "Seignat, Florian"]
[Result "0-1"]
[ECO "B02"]
[WhiteElo "1420"]
[BlackElo "1652"]
[PlyCount "116"]
[EventDate "2012.09.29"]
[EventRounds "5"]
[EventCountry "FRA"]
[SourceDate "2005.09.12"]
[TimeControl "240+2"]

{460MB, Rybka3Gen.ctg} 1. e4 d5 2. exd5 Nf6 3. Nc3 Nxd5 4. Nxd5 Qxd5 5. Nf3 Bg4
6. Be2 Nc6 7. h3 Bh5 8. O-O O-O-O 9. b3 e5 10. Bc4 Qd7 11. Re1 Bd6 12. Bb2 Rhe8
13. Bd3 f5 14. Be2 h6 15. Nh2 Bf7 16. d3 g5 17. Qd2 e4 18. Kh1 Bf4 19. Qd1 Qd6
20. g3 Be5 21. Bxe5 Qxe5 22. Bh5 Qd5 23. Bxf7 Qxf7 24. Qd2 Qd5 25. Kg1 Rg8 26.
Qe3 Rge8 27. Rad1 exd3 28. Qxe8 Rxe8 29. Rxe8+ Kd7 30. Rxd3 Nd4 31. Ree3 Kc6
32. c3 Ne2+ 33. Kf1 Nxg3+ 34. Rxg3 Qh1+ 35. Ke2 Qxh2 36. Rge3 Kb6 37. Rd4 c5
38. Re6+ Kb5 39. a4+ Ka5 40. b4+ Kxa4 41. bxc5+ Kb3 42. c6 bxc6 43. c4 c5 44.
Rd3+ Kxc4 45. Ree3 Qf4 46. Rc3+ Kd5 47. Rcd3+ Kc6 48. Re6+ Kb5 49. Rb3+ Ka4 50.
Rbe3 a5 51. Rxh6 Qd4 52. h4 gxh4 53. Rg6 c4 54. Rg1 Qb2+ 55. Kf3 c3 56. Rh1 c2
57. Rxh4+ Kb5 58. Re5+ Qxe5 0-1

[Event "Tournoi de rentrée UST"]
[Site "Equeurdreville"]
[Date "2012.09.30"]
[Round "5"]
[White "Raynaud, Christophe"]
[Black "Lemonnier, Pascal"]
[Result "1-0"]
[ECO "C43"]
[WhiteElo "1839"]
[BlackElo "1420"]
[PlyCount "27"]
[EventDate "2012.09.29"]
[EventRounds "5"]
[EventCountry "FRA"]
[SourceDate "2005.09.12"]
[TimeControl "240+2"]

{460MB, Rybka3Gen.ctg} 1. e4 e5 2. Nf3 Nf6 3. d4 d5 4. dxe5
Nxe4 5. Bd3 Bf5 6. O-O Bc5 7. Bxe4 Bxe4 8. Nc3 Bxf3 9. Qxf3 c6 10. Qg3 Rg8 11.
Re1 Qc7 12. Qh3 h6 13. e6 Qe7 14. exf7+ 1-0

[Event "Tournoi de rentrée UST"]
[Site "Equeurdreville"]
[Date "2012.09.30"]
[Round "5"]
[White "Doris, Nicolas"]
[Black "Bavinckhove, Zoltan"]
[Result "1-0"]
[ECO "D07"]
[WhiteElo "1790"]
[BlackElo "1430"]
[PlyCount "123"]
[EventDate "2012.09.29"]
[EventRounds "5"]
[EventCountry "FRA"]
[SourceDate "2005.09.12"]
[TimeControl "240+2"]

{460MB, Rybka3Gen.ctg} 1. d4 d5 2. Nf3 Nc6 3. e3 Bg4 4. c4 Nf6 5. Nc3 dxc4 6.
Bxc4 e6 7. O-O Bb4 8. Bd2 e5 9. Qb3 Bxf3 10. Bxf7+ Kf8 11. gxf3 Qe7 12. a3 Bxc3
13. bxc3 Qxf7 14. Qxb7 Qe8 15. Qxc7 Rc8 16. Qb7 exd4 17. cxd4 h6 18. Rfc1 Kg8
19. Kh1 Kh7 20. Rg1 Rg8 21. Rg2 Qh5 22. Rg3 Qe8 23. Rag1 Qf8 24. Qb5 Qxa3 25.
Rxg7+ Rxg7 26. Qf5+ Kg8 27. Qxc8+ Kf7 28. Rxg7+ Kxg7 29. Qxc6 Qd3 30. Qc7+ Kg6
31. Qg3+ Kf7 32. Qc7+ Kg8 33. Qg3+ Kh7 34. Ba5 Qf1+ 35. Qg1 Qh3 36. Qg2 Qc8 37.
Qg3 Nh5 38. Qc7+ Qxc7 39. Bxc7 Kg6 40. e4 Kf6 41. d5 Ke7 42. Be5 Kd7 43. Kg1
Ke7 44. Kf1 Nf6 45. Bxf6+ Kxf6 46. Ke1 Ke5 47. f4+ Kd6 48. Kd2 a6 49. Kc3 a5
50. Kc4 h5 51. e5+ Kd7 52. Kb5 a4 53. Kxa4 h4 54. h3 Ke7 55. f5 Kf7 56. Kb5 Ke7
57. f6+ Kf7 58. Kc6 Ke8 59. e6 Kd8 60. d6 Ke8 61. d7+ Kd8 62. e7# 1-0

[Event "Tournoi de rentrée UST"]
[Site "Equeurdreville"]
[Date "2012.09.30"]
[Round "5"]
[White "Castel, Nathan"]
[Black "Masson, Titouan"]
[Result "0-1"]
[ECO "C46"]
[WhiteElo "1100"]
[BlackElo "1199"]
[PlyCount "54"]
[EventDate "2012.09.29"]
[EventRounds "5"]
[EventCountry "FRA"]
[SourceDate "2005.09.12"]
[TimeControl "240+2"]

{460MB, Rybka3Gen.ctg} 1. e4 e5 2. Nf3 Nc6 3. Nc3 Bb4 4. Bb5 a6 5. O-O axb5 6.
Nxb5 Nf6 7. Qe2 O-O 8. d4 d5 9. exd5 Qxd5 10. Bg5 Rxa2 11. Rad1 Rxb2 12. Bxf6
e4 13. Nh4 Bc3 14. Nxc7 Qd7 15. Bg5 Nxd4 16. Qxe4 Qxc7 17. Nf3 Nxf3+ 18. Qxf3
Rxc2 19. Qd3 Ba5 20. Bf4 Qxf4 21. Qxc2 Bg4 22. Rfe1 Bxd1 23. Rxd1 Rd8 24. Re1
Bxe1 25. Qd1 Rxd1 26. Kf1 Qc4+ 27. Kg1 Ba5# 0-1

[Event "Tournoi de rentrée UST"]
[Site "Equeurdreville"]
[Date "2012.09.30"]
[Round "5"]
[White "Masson, Margot"]
[Black "Verbeke, Amandine"]
[Result "1-0"]
[ECO "C50"]
[WhiteElo "1300"]
[BlackElo "1199"]
[PlyCount "71"]
[EventDate "2012.09.29"]
[EventRounds "5"]
[EventCountry "FRA"]
[SourceDate "2005.09.12"]
[TimeControl "240+2"]

{460MB, Rybka3Gen.ctg} 1. e4 e5 2. Nf3 Nc6 3. Bc4 Bc5 4. d3
Nf6 5. Nc3 O-O 6. O-O d6 7. Bg5 Qe7 8. Nd5 Bg4 9. Nxe7+ Nxe7 10. Bxf6 gxf6 11.
h3 Ng6 12. hxg4 Rae8 13. Bb5 Rd8 14. d4 exd4 15. Nxd4 c6 16. Ba4 Rde8 17. Re1
Nf4 18. Qd2 Ne6 19. Nxe6 Rxe6 20. Bb3 Re7 21. g5 fxg5 22. Qxg5+ Kh8 23. Qxe7 d5
24. exd5 Bxe7 25. Rxe7 cxd5 26. Bxd5 b6 27. Rxf7 Rxf7 28. Bxf7 b5 29. Re1 h5
30. Bxh5 Kg8 31. Re7 Kf8 32. Rxa7 b4 33. a4 Kg8 34. Rb7 Kf8 35. a5 Kg8 36. a6
1-0

[Event "Tournoi de rentrée UST"]
[Site "Equeurdreville"]
[Date "2012.09.30"]
[Round "5"]
[White "Bavinckhove, Myrial"]
[Black "Benard, Anne Laurie"]
[Result "0-1"]
[ECO "D00"]
[WhiteElo "1475"]
[BlackElo "1890"]
[PlyCount "33"]
[EventDate "2012.09.29"]
[EventRounds "5"]
[EventCountry "FRA"]
[SourceDate "2005.09.12"]
[TimeControl "240+2"]

{460MB, Rybka3Gen.ctg} 1. d4 Nf6 2. Nc3 d5 3. e4 dxe4 4. f3 exf3 5. Nxf3 e6 6.
Bg5 Be7 7. Bd3 Nc6 8. Ne2 Nd7 9. Qd2 Nb4 10. Be4 h6 11. Bxe7 Qxe7 12. c3 Nd5
13. Nf4 O-O 14. O-O Qd6 15. Nh5 f5 16. Bd3 N5f6 17. Nf4 {partie non
reconstituable} 0-1

[Event "Tournoi de rentrée UST"]
[Site "Equeurdreville"]
[Date "2012.09.30"]
[Round "5"]
[White "Vanneste, Axel"]
[Black "Hereus, Daniel"]
[Result "0-1"]
[ECO "B01"]
[WhiteElo "1199"]
[BlackElo "1610"]
[PlyCount "72"]
[EventDate "2012.09.29"]
[EventRounds "5"]
[EventCountry "FRA"]
[SourceDate "2005.09.12"]
[TimeControl "240+2"]

{460MB, Rybka3Gen.ctg} 1. e4 d5 2. exd5 Qxd5 3. Nc3 Qa5 4. d4 Nf6 5. Nf3 Bg4 6.
Be2 Nbd7 7. Qd3 O-O-O 8. Bd2 Bf5 9. Qe3 e6 10. Nb5 Qb6 11. O-O a6 12. a4 axb5
13. Bxb5 Nd5 14. Bxd7+ Rxd7 15. Qe5 f6 16. Qe2 Bd6 17. Qb5 Qxb5 18. axb5 c6 19.
bxc6 bxc6 20. Ra8+ Bb8 21. Rfa1 Rb7 22. c4 Nb6 23. R8a5 Nxc4 24. Rc5 Nxd2 25.
Nxd2 Kd7 26. Nc4 Ba7 27. Rca5 Bxd4 28. Ra8 Rxa8 29. Rxa8 Bd3 30. Ra4 Bxc4 31.
Rxc4 Bxb2 32. Rh4 Be5 33. g3 h6 34. f4 Bd4+ 35. Kg2 f5 36. Rh5 c5 0-1

[Event "Tournoi de rentrée UST"]
[Site "Equeurdreville"]
[Date "2012.09.30"]
[Round "5"]
[White "Seignat, Florian"]
[Black "Althoffer, Cyrille"]
[Result "0-1"]
[ECO "B12"]
[WhiteElo "1652"]
[BlackElo "1923"]
[PlyCount "72"]
[EventDate "2012.09.29"]
[EventRounds "5"]
[EventCountry "FRA"]
[SourceDate "2005.09.12"]
[TimeControl "240+2"]

{460MB, Rybka3Gen.ctg} 1. d4 d5 2. e4 c6 3. f3 e6 4. Nc3 Nf6 5. Be3 Bb4 6. Bd3
a6 7. Nge2 Nbd7 8. O-O c5 9. a3 cxd4 10. Bxd4 Bc5 11. Qe1 Bxd4+ 12. Nxd4 Qb6
13. Nce2 e5 14. exd5 O-O 15. c4 exd4 16. b4 Ne5 17. Rd1 Nxc4 18. Bxc4 d3+ 19.
Kh1 dxe2 20. Qxe2 Re8 21. Qa2 Qd6 22. Qf2 Bd7 23. Bb3 Rac8 24. Qd4 Qe5 25. Bc4
Qxd4 26. Rxd4 Rxc4 27. Rxc4 Bb5 28. Rcc1 Bxf1 29. Rxf1 Nxd5 30. Kg1 g6 31. Kf2
Rc8 32. Kg3 b5 33. Kh3 Rc3 34. Ra1 Nb6 35. Kg4 Nc4 36. a4 Ra3 0-1

[Event "Match: PUR vs DOM"]
[Site "Museo del Deporte de Puerto R"]
[Date "2013.09.27"]
[Round "1.1"]
[White "Machin Rivera, Mark"]
[Black "Dominguez, Jose M"]
[Result "0-1"]
[ECO "A15"]
[WhiteElo "2354"]
[BlackElo "2298"]
[PlyCount "152"]
[EventDate "2013.09.27"]
[EventRounds "2"]
[EventCountry "PUR"]
[SourceDate "2005.09.12"]
[WhiteTeam "Puerto Rico"]
[WhiteTeamCountry "PUR"]
[TimeControl "6000+1955"]
[WhiteClock "0:00:55"]
[BlackClock "0:03:34"]

1. c4 Nf6 2. g3 e5 3. Bg2 Be7 4. Nc3 O-O 5. Nf3 d6 6. O-O Re8 7. d4 Nbd7 8. b3
Bf8 9. Qc2 c6 10. e4 a6 11. Be3 b5 12. d5 Bb7 13. Qd3 b4 14. Na4 cxd5 15. cxd5
a5 16. Nd2 Ng4 17. Nc4 Nxe3 18. Qxe3 Ba6 19. Rfc1 Be7 20. h4 Bb5 21. Nab6 Nxb6
22. Nxb6 Rb8 23. Nc4 a4 24. bxa4 Bxa4 25. Rab1 g5 26. h5 g4 27. Qe2 Bg5 28. Ne3
Kh8 29. Rb2 Rg8 30. Rcb1 b3 31. axb3 Bb5 32. Qe1 Bxe3 33. Qxe3 Qg5 34. Qxg5
Rxg5 35. Rc1 Rxh5 36. Ra2 Rg5 37. Ra7 Be8 38. Bf1 Rg8 39. Rc3 Rf8 40. Ra6 f5
41. exf5 Rxf5 42. Rxd6 Bg6 43. Bd3 Rf3 44. Bxg6 Rxc3 45. Bh5 Rcxb3 46. Re6 Rb1+
47. Kg2 Rd8 48. Rxe5 Rd1 49. Bf7 Kg7 50. Be6 Kf6 51. Rf5+ Kg6 52. Rf4 h5 53.
Bf7+ Kg5 54. f3 Rd2+ 55. Kg1 Rb8 56. fxg4 Rb1+ 57. Rf1 Rbb2 58. Re1 Kxg4 59.
Rc1 Rg2+ 60. Kh1 Rh2+ 61. Kg1 Rhg2+ 62. Kh1 Rgf2 63. Be6+ Kxg3 64. Rc3+ Kf4 65.
Kg1 Rfd2 66. Rc4+ Ke5 67. Rc1 Rd3 68. Rf1 Rg3+ 69. Kh1 h4 70. Re1+ Kd6 71. Rc1
h3 72. Rg1 Rxg1+ 73. Kxg1 h2+ 74. Kh1 Ke5 75. d6 Kxe6 76. d7 Rb1+ 0-1

[Event "Match: PUR vs DOM"]
[Site "Museo del Deporte de Puerto R"]
[Date "2013.09.27"]
[Round "1.2"]
[White "Pinal, Nelson B"]
[Black "Almedina Ortiz, Edgardo J"]
[Result "1-0"]
[ECO "C54"]
[WhiteElo "2317"]
[BlackElo "2266"]
[PlyCount "55"]
[EventDate "2013.09.27"]
[EventRounds "2"]
[EventCountry "PUR"]
[SourceDate "2005.09.12"]
[BlackTeam "Puerto Rico"]
[BlackTeamCountry "PUR"]
[TimeControl "6000+1515"]
[WhiteClock "0:16:04"]
[BlackClock "0:01:06"]

1. e4 e5 2. Nf3 Nc6 3. Bc4 Bc5 4. c3 Nf6 5. d3 d6 6. O-O O-O 7. Bg5 a6 8. Nbd2
Ba7 9. Bb3 Be6 10. Nc4 b5 11. Ne3 Na5 12. Bc2 h6 13. Bh4 c5 14. Qe2 Nc6 15. Bb3
Nb8 16. Bxf6 Qxf6 17. Bd5 Bxd5 18. Nxd5 Qd8 19. a4 Nc6 20. axb5 axb5 21. Ra6
Rc8 22. Rfa1 Bb8 23. Nd2 b4 24. Nc4 bxc3 25. bxc3 f5 26. Ncb6 Rc7 27. Nxc7 Bxc7
28. Nd5 1-0

[Event "Match: PUR vs DOM"]
[Site "Museo del Deporte de Puerto R"]
[Date "2013.09.27"]
[Round "1.3"]
[White "Montalvo Rosario, Alejandro"]
[Black "Subervi, Jonathan"]
[Result "1-0"]
[ECO "A45"]
[WhiteElo "2285"]
[BlackElo "2207"]
[PlyCount "57"]
[EventDate "2013.09.27"]
[EventRounds "2"]
[EventCountry "PUR"]
[SourceDate "2005.09.12"]
[WhiteTeam "Puerto Rico"]
[WhiteTeamCountry "PUR"]
[TimeControl "6000+1410"]
[WhiteClock "0:28:36"]
[BlackClock "0:05:10"]

1. d4 Nf6 2. Bg5 e6 3. e4 h6 4. Bxf6 Qxf6 5. c3 d6 6. Bd3 e5 7. Ne2 g6 8. O-O
Bg7 9. f4 exd4 10. Nxd4 O-O 11. Nd2 Nd7 12. Nc4 Nc5 13. Bc2 Bd7 14. f5 Qe7 15.
Qf3 Bxd4+ 16. cxd4 Bb5 17. Ne3 Bxf1 18. Rxf1 Nxe4 19. Nd5 Qh4 20. Bxe4 c6 21.
g3 Qg5 22. h4 Qd8 23. Nf4 Qf6 24. fxg6 fxg6 25. Bxg6 Qxd4+ 26. Rf2 Rf6 27. Qb3+
d5 28. Qxb7 Raf8 29. Qh7# 1-0

[Event "Match: PUR vs DOM"]
[Site "Museo del Deporte de Puerto R"]
[Date "2013.09.28"]
[Round "2.1"]
[White "Dominguez, Jose M"]
[Black "Machin Rivera, Mark"]
[Result "0-1"]
[ECO "B08"]
[WhiteElo "2298"]
[BlackElo "2354"]
[PlyCount "74"]
[EventDate "2013.09.27"]
[EventRounds "2"]
[EventCountry "PUR"]
[SourceDate "2005.09.12"]
[BlackTeam "Puerto Rico"]
[BlackTeamCountry "PUR"]
[TimeControl "6000+1295"]
[WhiteClock "0:00:48"]
[BlackClock "0:03:46"]

1. e4 g6 2. d4 Bg7 3. Nf3 d6 4. Be2 Nf6 5. Nc3 O-O 6. O-O c6 7. a4 Qc7 8. h3 e5
9. Bg5 h6 10. Be3 exd4 11. Nxd4 Re8 12. Bf3 Nbd7 13. Qd2 Kh7 14. Ndb5 cxb5 15.
Nxb5 Qd8 16. Nxd6 Rf8 17. Rad1 Qe7 18. a5 Ne5 19. Be2 Nc6 20. f3 Rd8 21. c4 Ne8
22. c5 Be5 23. f4 Bxd6 24. cxd6 Nxd6 25. Qc1 Nxe4 26. Bf3 f5 27. a6 Be6 28.
Bxe4 fxe4 29. f5 gxf5 30. Bxh6 Rg8 31. axb7 Qxb7 32. Rd6 Rac8 33. Rxe6 Nd4 34.
Bf8 Rxg2+ 35. Kxg2 e3+ 36. Kg3 Rxc1 37. Rxc1 Nxe6 0-1

[Event "Match: PUR vs DOM"]
[Site "Museo del Deporte de Puerto R"]
[Date "2013.09.28"]
[Round "2.2"]
[White "Almedina Ortiz, Edgardo J"]
[Black "Pinal, Nelson B"]
[Result "1-0"]
[ECO "B90"]
[WhiteElo "2266"]
[BlackElo "2317"]
[PlyCount "91"]
[EventDate "2013.09.27"]
[EventRounds "2"]
[EventCountry "PUR"]
[SourceDate "2005.09.12"]
[WhiteTeam "Puerto Rico"]
[WhiteTeamCountry "PUR"]
[TimeControl "6000+1215"]
[WhiteClock "0:05:31"]
[BlackClock "0:09:09"]

1. e4 c5 2. Nf3 d6 3. d4 cxd4 4. Nxd4 Nf6 5. Nc3 a6 6. Be3 Ng4 7. Bg5 h6 8. Bh4
g5 9. Bg3 Nc6 10. Nxc6 bxc6 11. Be2 Ne5 12. Bxe5 dxe5 13. Qxd8+ Kxd8 14. O-O-O+
Kc7 15. Bc4 e6 16. h4 gxh4 17. Rxh4 Rg8 18. Bf1 Rg6 19. Na4 Bb7 20. Rh3 Rd8 21.
Rxd8 Kxd8 22. Rf3 f6 23. Rc3 Rg4 24. f3 Rh4 25. Kd1 Rh1 26. Ke2 Kc7 27. Nc5
Bxc5 28. Rxc5 Rh5 29. Kf2 Rg5 30. b4 Rg8 31. Ke3 Rd8 32. Bd3 Rg8 33. g4 Rh8 34.
Ra5 Kb6 35. c4 Rd8 36. c5+ Ka7 37. a4 Rd4 38. b5 Rb4 39. bxc6 Bxc6 40. Rxa6+
Kb7 41. Bb5 Rb3+ 42. Kf2 Bxb5 43. Rb6+ Kc7 44. axb5 Rc3 45. Rxe6 Rxc5 46. Rxf6
1-0

[Event "Match: PUR vs DOM"]
[Site "Museo del Deporte de Puerto R"]
[Date "2013.09.28"]
[Round "2.3"]
[White "Subervi, Jonathan"]
[Black "Montalvo Rosario, Alejandro"]
[Result "1-0"]
[ECO "A10"]
[WhiteElo "2207"]
[BlackElo "2285"]
[PlyCount "82"]
[EventDate "2013.09.27"]
[EventRounds "2"]
[EventCountry "PUR"]
[SourceDate "2005.09.12"]
[BlackTeam "Puerto Rico"]
[BlackTeamCountry "PUR"]
[TimeControl "6000+1820"]
[WhiteClock "0:02:30"]

1. c4 d6 2. Nc3 e5 3. g3 f5 4. Bg2 Nf6 5. e3 Be7 6. Nge2 O-O 7. O-O a5 8. Rb1
c6 9. d4 Qe8 10. b3 Na6 11. a3 Qf7 12. Na4 Nd7 13. Bd2 Nc7 14. Qe1 Qh5 15. f3
b6 16. h3 Rb8 17. Rc1 Ne6 18. f4 Bb7 19. b4 axb4 20. axb4 g5 21. d5 Nd8 22.
Nac3 c5 23. b5 Kh8 24. e4 gxf4 25. exf5 Qxf5 26. Nxf4 Qg5 27. Ne4 Qg8 28. Nh5
Qg6 29. Rxf8+ Nxf8 30. g4 Nf7 31. Qe3 h6 32. Bc3 Ng5 33. Rf1 Nfh7 34. Nhg3 Bc8
35. Nxd6 Bxd6 36. Bxe5+ Kg8 37. Bxd6 Qxd6 38. Qe8+ Nf8 39. Nh5 Bf5 40. Qe3 Bg6
41. Nf6+ Kh8 1-0